AoeStats
← GameOvaries

Coastal Forest

510927203Analyzed
2v2 RM · 17h ago on Oct 3, 2026· 25m 48s· 4 players
Game mode
Random Map
Map size
Medium (4 player)
Population
200
Speed
Normal
Resources
Standard
Victory
Conquest
Starting age
Dark Age
Ending age
Imperial Age
RankedLock teamsTeams togetherTeam positionsShared explorationLock speedFull tech treeHidden civsTurbo modeCheats
Victory
Defeat
🇦🇷 Turks · Argentina
864
+13
🇦🇷 Huns · Argentina
854
+14
🇨🇱 Spanish · Chile
823
-14
🇺🇸 Bohemians · United States
801
-13
negro_cdm
9:05 Feudal Age
8:56 Loom
9:38 Double-Bit Axe
16:15 Castle Age
16:05 Scale Barding Armor
chinito_lc_cdm
9:51 Feudal Age
10:18 Double-Bit Axe
23:18 Castle Age
21:47 Fletching
25:16 Crossbowman
26:12 Padded Archer Armor
alenogo
11:16 Feudal Age
15:24 Wheelbarrow
14:36 Double-Bit Axe
15:31 Man-at-Arms
17:43 Loom
18:52 Bloodlines
27:56 Castle Age
GameOvaries
10:38 Feudal Age
11:03 Horse Collar
11:11 Double-Bit Axe
18:08 Castle Age
19:26 Forging
20:25 Bow Saw
Connection lost

Rejoining the realm…

Still unreachable

The connection could not be restored.

Session expired

The server has moved on; the page needs a fresh start.